 Dungeon Crawl Stone Soup version 0.28-a0-691-gad6df49e81 (webtiles) character file.

Game seed: 13151330738265087965

83 Irenicus the Digger (level 4, 36/36 HPs)
             Began as a Deep Dwarf Earth Elementalist on Oct 21, 2021.
             Quit the game on level 4 of the Dungeon.
             The game lasted 00:02:07 (343 turns).

Irenicus the Digger (Deep Dwarf Earth Elementalist)  Turns: 343, Time: 00:02:08

Health: 36/36      AC:  5    Str: 12    XL:     4   Next: 22%
Magic:  1/5        EV: 12    Int: 16    God:
Gold:   5          SH:  0    Dex: 13    Spells: 5/6 levels left

rFire   . . .      SeeInvis .   f - +0 dagger
rCold   . . .      Faith    .   (no shield)
rNeg    . . .      Spirit   .   b - +0 robe
rPois   .          Reflect  .   (no helmet)
rElec   .          Harm     .   d - +2 cloak
rCorr   .          Rampage  .   (no gloves)
Will    .....                   (no boots)
Stlth   ++........              (no amulet)
HPRegen 0.00/turn               (no ring)
MPRegen 0.09/turn               (no ring)

@: no status effects
A: damage resistance, heal wounds, sense surroundings 1, no regeneration
a: Heal Wounds


You were on level 4 of the Dungeon.
You visited 1 branch of the dungeon, and saw 4 of its levels.

You collected 5 gold pieces.


Innate Abilities, Weirdness & Mutations

You are resistant to damage.
You can heal yourself by infusing magical energy.
You passively map a small area around you.
You do not regenerate.


   Skills:
 - Level 2.1 Dodging
 - Level 2.4 Stealth
 - Level 1.7 Spellcasting
 - Level 0.8 Transmutations
 + Level 6.8 Earth Magic


You had 5 spell levels left.
You knew the following spells:

 Your Spells              Type           Power      Damage    Failure   Level
z - Sandblast             Erth           46%        2d11      1%          1

Your spell library contained the following spells:

 Spells                   Type           Power      Damage    Failure   Level
 Passwall                 Tmut/Erth      10%        N/A       7%          2
 Stone Arrow              Conj/Erth      24%        3d8       16%         3
 Petrify                  Tmut/Erth      13%        N/A       41%         4

Inventory:

Hand Weapons
 a - a +0 rapier
 f - a +0 dagger (weapon)
Missiles
 c - 94 stones
Armour
 b - a +0 robe (worn)
 d - a +2 cloak (worn)
Wands
 h - a wand of charming (12)
Scrolls
 e - a scroll of fog {unknown}
 g - a scroll of magic mapping {unknown}
 i - a scroll of enchant armour {unknown}
Potions
 j - a potion of berserk rage {unknown}
 k - a potion of attraction {unknown}

Dungeon Overview and Level Annotations

Branches:
Dungeon (4/15)
 Temple: D:4-7

Altars:

Annotations:
D:2 Robin, Sigmund

* * , , #.#...
* . .#... * ..
.... ,, * # +#
.#...* #.#
...... .... ,
#.#.#.. .... *
.......##..##.#
, , , ,
#.?@.......
#...#.$...# , ,
, * #....,##.##
, *#..... *
..>.... * ,*
##...#..# *
#....... * *
#.####.##* ,,


There were no monsters in sight!


Message History

Press: ? - help, Shift-Dir - straight line, f/p - phantom
Aim: a phantom (heavily damaged, 71% to hit)
The blast of sand hits the phantom.
The phantom is severely damaged.
The phantom hits you.
* * * LOW HITPOINT WARNING * * *
Casting: Sandblast (safe; 2% risk of failure)
Confirm with . or Enter, or press ? or * to list all spells.
Aiming: Sandblast (safe; 2% risk of failure)
Press: ? - help, Shift-Dir - straight line, f/p - phantom
Aim: a phantom (severely damaged, 71% to hit)
The blast of sand hits the phantom!
You destroy the phantom!
Your Earth Magic skill increases to level 6!
You have reached level 3!
Your experience leads to an increase in your attributes!
Increase (S)trength, (I)ntelligence, or (D)exterity?
You feel clever.
You have reached level 4!
You feel stronger.
Found an escape hatch in the ceiling.
Found a stone staircase leading down.
There is a stone staircase leading down here.
You climb downwards.
Found a scroll labelled IPI DANNAURCHOL and 7 gold pieces.
Found a stone staircase leading down.
There is a stone staircase leading up here.
Use which ability? (? or * to list)
Your magical essence is drained by the effort!
You feel much better.
Are you sure you want to abandon this character and quit the game? (Confirm with "yes".)

Skill      XL: |  1  2 |
---------------+-------+-----
Earth Magic    | 6 |  6.8
Dodging        | |  2.1
Stealth        | |  2.4
Spellcasting   | |  1.7
Transmutations | |  0.8

Action                   |  1- 3 |  4- 6 || total
-------------------------+-------+-------++-------
Melee: Dagger            |    14 |       ||    14
 Cast: Sandblast         |    18 |       ||    18
 Abil: Heal Wounds       |       |     1 ||     1
 Stab: Sleeping          |     1 |       ||     1
Armor: Robe              |     4 |       ||     4
Dodge: Dodged            |    20 |       ||    20

Levels and vault maps discovered:
D:1:      minmay_arrival_shattered_statue, layout_rooms, basic_ecumenical_altar
D:2:      cheibrodos_old_hovel, layout_loops_ring, uniq_natasha, uniq_robin,
          uniq_sigmund
D:3:      layout_rooms, kennysheep_generic_room_8
D:4:      layout_basic, nzn_hepliaklqana_mist_gate

Notes
Turn   | Place    | Note
-------+----------+-------------------------------------------
     0 | D:1      | Irenicus the Deep Dwarf Earth Elementalist began the quest
                  | for the Orb.
     0 | D:1      | Reached XP level 1. HP: 15/15 MP: 3/3
   122 | D:2      | Noticed Robin
   128 | D:2      | Noticed Sigmund
   213 | D:3      | Reached XP level 2. HP: 17/22 MP: 1/4
   236 | D:3      | Reached skill level 5 in Earth Magic
   324 | D:3      | Noticed a phantom
   331 | D:3      | Killed a phantom
   332 | D:3      | Reached skill level 6 in Earth Magic
   332 | D:3      | Reached XP level 3. HP: 14/28 MP: 0/5
   332 | D:3      | Reached XP level 4. HP: 18/36 MP: 0/6
   343 | D:4      | Quit the game

Vanquished Creatures
  A phantom (D:3)
  An orc (D:3)
  2 ball pythons
  2 endoplasms (D:3)
  A giant cockroach (D:1)
  A goblin (D:3)
  2 bats
  2 frilled lizards (D:2)
  2 kobolds
  2 rats (D:3)
16 creatures vanquished.

Vanquished Creatures (others)
  6 plants (D:2)
6 creatures vanquished.

Grand Total: 22 creatures vanquished

Table legend: (Time is in decaauts)
 A = Elapsed time spent in this place.
 B = Non-inter-level travel time spent in this place.
 C = Inter-level travel time spent in this place.
 D = Time resting spent in this place.
 E = Time spent auto-exploring this place.
 F = Levels seen in this place.
 G = Mean time per level.
                   A        B        C        D        E       F      G
               +--------+--------+--------+--------+--------+-----+--------+
         Total |    341 |    341 |      0 |      0 |     49 |   4 |   85.2 |
       Dungeon |    341 |    341 |      0 |      0 |     49 |   4 |   85.2 |
               +--------+--------+--------+--------+--------+-----+--------+

Top non-repeatable levels by time:
     D:3: 151 daAuts
     D:2: 107 daAuts
     D:1: 80 daAuts
     D:4: 1 daAuts

Table legend:
 A = Non-vault XP
 B = Vault XP
 C = Vault XP percentage of total XP
 D = Non-vault monster count
 E = Vault monster count
 F = Vault count percentage of total count
                 A         B        C        D         E       F
            +---------+---------+-------+---------+---------+-------
      Total |     117 |       2 |   1.7 |      15 |       1 |   6.2
            +---------+---------+-------+---------+---------+-------
        D:1 |       3 |       0 |   0.0 |       2 |       0 |   0.0
        D:2 |       5 |       0 |   0.0 |       4 |       0 |   0.0
        D:3 |     109 |       2 |   1.8 |       9 |       1 |  10.0
            +---------+---------+-------+---------+---------+-------
